 Dungeon Crawl Stone Soup version 0.30-a0-137-gd8773701ce (webtiles) character file.

Game seed: 2908181373624950420

288 Bnni the Slasher (level 6, -1/48 HPs)
             Began as a Demonspawn Gladiator on Sept 22, 2022.
             Was a Follower of Okawaru.
             Killed by nerve-wracking pain
             ... invoked by an orc priest
              (8 damage)
             ... on level 5 of the Dungeon.
             The game lasted 00:07:28 (4111 turns).

Bnni the Slasher (Demonspawn Gladiator)             Turns: 4111, Time: 00:07:29

Health: -1/48      AC:  5    Str: 14    XL:     6   Next: 9%
Magic:  6/6        EV: 12    Int:  9    God:    Okawaru [*.....]
Gold:   217        SH:  0    Dex: 17    Spells: 5/5 levels left

rFire   . . .      SeeInvis .    a - +0 long sword
rCold   . . .      Faith    .    (no shield)
rNeg    . . .      Spirit   .    b - +1 leather armour
rPois   .          Reflect  .    (helmet restricted)
rElec   .          Harm     .    (no cloak)
rCorr   .          Rampage  .    (no gloves)
Will    .....                    (no boots)
Stlth   +.........               (no amulet)
HPRegen 0.16/turn                (no ring)
MPRegen 0.10/turn                (no ring)

@: confused, mighty
A: horns 2, sharp scales 1
a: Renounce Religion, Heroism


You were on level 5 of the Dungeon.
You worshipped Okawaru.
Okawaru was aware of your devotion.
You visited 1 branch of the dungeon, and saw 5 of its levels.

You collected 317 gold pieces.
You spent 100 gold pieces at shops.

Inventory:

Hand Weapons
 a - a +0 long sword (weapon)
 i - a +0 dagger
 p - the +4 sling of Latzukew {flame, Fly Will- rCorr Str+7}
   (You found it on level 3 of the Dungeon)

   Any ammunition fired from it burns those it strikes, dealing additional fire
   damage.
   Str:       It affects your strength (+7).
   Fly:       It grants you flight.
   rCorr:     It protects you from acid and corrosion.
   Will:      It decreases your willpower.
Missiles
 c - 12 poisoned darts
 d - 3 throwing nets (quivered)
 e - a javelin
 h - 3 boomerangs of dispersal
Armour
 b - a +1 leather armour (worn)
Scrolls
 f - 3 scrolls of teleportation
 j - a scroll of amnesia {unknown}
 k - 2 scrolls of blinking
Potions
 m - a potion of magic {unknown}
 n - 2 potions of curing {unknown}
 q - a potion of cancellation {unknown}
 r - 2 potions of flight {unknown}
 s - a potion of lignification {unknown}
 t - a potion of resistance {unknown}


   Skills:
 + Level 3.9 Fighting
 * Level 5.3 Long Blades
 - Level 1.7 Throwing
 - Level 2.6 Dodging


You had 5 spell levels left.
You didn't know any spells.
Your spell library contained the following spells:

 Spells                   Type           Power      Damage    Failure   Level
 Beastly Appendage        Tmut           0%         N/A       45%         1
 Shock                    Conj/Air       0%         1d3       45%         1
 Slow                     Hex            0%         N/A       45%         1
 Passage of Golubria      Tloc           0%         N/A       99%         4
 Yara's Violent Unravell  Hex/Tmut       0%         3d3       100%        5
 Tukima's Dance           Hex            Unusable   N/A       N/A         3

Dungeon Overview and Level Annotations

Branches:
Dungeon (5/15)
 Temple: D:4-7

Altars:
Makhleb
Okawaru
Ru
Xom

Shops:
D:2 ?   D:3 :[*([


Innate Abilities, Weirdness & Mutations

You have a pair of horns on your head.
You are partially covered in razor-sharp scales. (AC +1, Slay +1)


Message History

An orc comes into view. It is wielding a +0 short sword.
Okay, then.
You feel very mighty all of a sudden.
The orc shouts!
The orc completely misses you.
An orc comes into view. It is wielding a +0 hand axe.
The orc wizard gestures wildly while chanting.
The orc wizard flickers and vanishes!
Deactivating autopickup; reactivate with Ctrl-A.
You slash the orc!
You kill the orc!
Okawaru accepts your kill.
A quokka comes into view.
An orc wizard comes into view. It is wielding a +0 dagger.
Something hits you but does no damage.
You miss the orc priest. Something hits you but does no damage.
The orc priest closely misses you.
Unknown command.
You hit the orc priest. You headbutt the orc priest!
The orc priest is almost dead.
The orc wizard mumbles some strange words.
The orc wizard flickers and vanishes!
The orc priest mumbles some strange prayers to Beogh against you.
Beogh smites you! Something hits you but does no damage.
You hear some strange, mumbled words.
You are more confused.
The orc priest mumbles some strange prayers to Beogh against you.
Beogh smites you!
* * * LOW HITPOINT WARNING * * *
You bump into the rock wall.
The orc priest looks braver for a moment.
An orc comes into view. It is wielding a +0 club.
You're too confused to move!
The orc priest looks braver for a moment.
You slash the orc priest!
You kill the orc priest!
Okawaru accepts your kill.
The orc priest invokes the aid of Beogh against you.
Pain shoots through your body!
You die...

## ##.#.# ..#.# ## #.
#.#.# .# ..# #.#.# #.
#.##...###.# .#
#......@#o# #.#
#.......){# ..
##.....##oo#
#.###..#..## or.#
###.....#..###...o..
..#....##........#.#.o..
........#......≈.....≈..
#.......#....§....#
###...≈...≈.....≈..


You could see 2 orc priests, 3 orcs and a quokka.

Vanquished Creatures
  2 scorpions
  A crimson imp (D:4)
  A hound (D:4)
  An orc priest (D:5)
  4 adders
  3 dart slugs
  10 orcs
  6 ball pythons
  5 bats
  5 endoplasms
  A giant cockroach (D:1)
  3 goblins
  6 hobgoblins
  A quokka (D:3)
  4 frilled lizards
  6 kobolds
  6 rats
65 creatures vanquished.

Vanquished Creatures (others)
  5 plants (D:3)
5 creatures vanquished.

Grand Total: 70 creatures vanquished

Notes
Turn   | Place    | Note
-------+----------+-------------------------------------------
     0 | D:1      | Bnni the Demonspawn Gladiator began the quest for the Orb.
     0 | D:1      | Reached XP level 1. HP: 16/16 MP: 1/1
    66 | D:1      | Got Raxtutom's Wizardry, Part One
    78 | D:1      | Reached skill level 3 in Long Blades
   151 | D:1      | Gained mutation: You have a pair of small horns on your
                  | head. [demonic ancestry]
   151 | D:1      | Reached XP level 2. HP: 8/22 MP: 2/2
  1099 | D:1      | Found a faded altar of an unknown god.
  1106 | D:1      | Prayed at the altar of an unknown god.
  1106 | D:1      | Became a worshipper of Warmaster Okawaru
  1106 | D:1      | Reached * piety under Okawaru
  1403 | D:2      | Gained mutation: You are partially covered in razor-sharp
                  | scales. (AC +1, Slay +1) [demonic ancestry]
  1403 | D:2      | Reached XP level 3. HP: 25/28 MP: 3/3
  1957 | D:2      | Found Beiqaum's Magic Scroll Emporium.
  1960 | D:2      | Bought a scroll of identify for 24 gold pieces
  2228 | D:3      | Found a sacrificial altar of Ru.
  2342 | D:3      | Found Poip's Armour Emporium.
  2435 | D:3      | Found Hiax's Weapon Shop.
  2458 | D:3      | Found Hotinolysa's Assorted Antiques.
  2471 | D:3      | Bought 2 lumpy ruby potions for 37 gold pieces
  2471 | D:3      | Bought a metallic coppery potion for 18 gold pieces
  2471 | D:3      | Bought a scroll labelled BITSER XUMMECK for 21 gold pieces
  2570 | D:3      | Found Ijerrekk's Book Shop.
  2766 | D:3      | Reached skill level 4 in Long Blades
  2766 | D:3      | Reached XP level 4. HP: 30/34 MP: 4/4
  2820 | D:3      | Found Qyal's Antique Armour Emporium.
  2821 | D:3      | Identified the +4 sling of Latzukew {flame, Fly Will- rCorr
                  | Str+7}
  3238 | D:4      | Noticed a scorpion
  3240 | D:4      | Killed a scorpion
  3241 | D:4      | Reached XP level 5. HP: 41/41 MP: 5/5
  3591 | D:4      | Found a shimmering altar of Xom.
  3591 | D:4      | Found a burning altar of Makhleb.
  3600 | D:4      | HP: 2/41 [crimson imp/+2 dagger of chaos (18)]
  3605 | D:4      | Reached skill level 5 in Long Blades
  3951 | D:5      | Entered Level 5 of the Dungeon
  3983 | D:5      | Gained mutation: You have a pair of horns on your head.
                  | [demonic ancestry]
  3983 | D:5      | Reached XP level 6. HP: 32/48 MP: 6/6
  4111 | D:5      | Killed from afar by an orc priest

Illustrated notes

Levels and vault maps discovered:
D:1:      onia_arrival_mini_maze, layout_basic,
          shapermc_ecumenical_altar_hornbeckon
D:2:      layout_basic, basic_altar, serial_shops, nicolae_shop_statue_plus
D:3:      layout_loops_cross, amcnicky_altar_gilded, serial_shops, shop,
          nicolae_shop_statue_plus, nicolae_shop_statue_plus, shop,
          shop_fountains, serial_forest, infiniplex_forest_join,
          infiniplex_forest_straight_2, infiniplex_forest_3_way,
          infiniplex_forest_straight_1, infiniplex_forest_clump_small,
          infiniplex_forest_lined_2
D:4:      layout_rooms, grunt_temple_overflow_champion_of_chaos
D:5:      layout_layer_cave, grunt_dithmenos_shadows,
          nicolae_kite_square_tiling_tiny

Skill      XL: |  1  2  3  4  5 |
---------------+----------------+-----
Long Blades    | 3 4 5 |  5.3
Fighting       | 3 |  3.9
Throwing       | |  1.7
Dodging        | |  2.6

Action                   |  1- 3 |  4- 6 || total
-------------------------+-------+-------++-------
Melee: Long sword        |   113 |    14 ||   127
       Headbutt          |    10 |     5 ||    15
       Punch             |     1 |       ||     1
 Fire: Sling             |       |    66 ||    66
Throw: Throwing net      |     2 |       ||     2
  Use: Scroll            |     3 |     6 ||     9
       Potion            |       |     3 ||     3
 Stab: Sleeping          |     2 |       ||     2
       Invisible         |       |     1 ||     1
Armor: Leather armour    |    40 |    12 ||    52
Dodge: Dodged            |    87 |    24 ||   111

Table legend: (Time is in decaauts)
 A = Elapsed time spent in this place.
 B = Non-inter-level travel time spent in this place.
 C = Inter-level travel time spent in this place.
 D = Time resting spent in this place.
 E = Time spent auto-exploring this place.
 F = Levels seen in this place.
 G = Mean time per level.
                   A        B        C        D        E       F      G
               +--------+--------+--------+--------+--------+-----+--------+
         Total |   4173 |   4029 |    144 |    455 |   3052 |   5 |  834.6 |
       Dungeon |   4173 |   4029 |    144 |    455 |   3052 |   5 |  834.6 |
               +--------+--------+--------+--------+--------+-----+--------+

Top non-repeatable levels by time:
     D:1: 1151 daAuts
     D:2: 1104 daAuts
     D:3: 1026 daAuts
     D:4: 727 daAuts
     D:5: 164 daAuts
